 Dungeon Crawl Stone Soup version 0.32-a0-814-g0968bab981 (webtiles) character file.

Game seed: 4922819659237894844

21 Ge0ff the Chopper (level 2, -2/36 HPs)
             Began as a Coglin Berserker on Mar 22, 2024.
             Was a Follower of Trog.
             Slain by a gnoll
             ... wielding a +0 flail
              (10 damage)
             ... on level 1 of the Dungeon.
             The game lasted 00:02:35 (1489 turns).

Ge0ff the Chopper (Coglin Berserker)                Turns: 1489, Time: 00:02:35

Health: -2/36      AC:  3    Str: 17    XL:     2   Next: 87%
Magic:  2/2        EV: 11    Int:  6    God:    Trog [*.....]
Gold:   38         SH:  0    Dex: 13    Spells: 1/1 levels left

rFire   . . .        a - +0 hand axe {Yawen}
rCold   . . .        m - +0 spear {Therese}
rNeg    . . .        j - +0 animal skin
rPois   .            (no helmet)
rElec   .            g - +0 cloak
rCorr   .            (no gloves)
SInv    .            (no boots)
Will    .....        (amulet unavailable) Stlth
                     (ring unavailable)
HPRegen 0.26/turn    (ring unavailable)
MPRegen 0.08/turn    (no gizmo)

%: no passive effects
@: berserking, revving, very quick
A: off-hand wielding, slow wielding, warmup strikes, no jewellery
a: Invent Gizmo, Renounce Religion, Berserk


You were on level 1 of the Dungeon.
You worshipped Trog.
Trog was aware of your devotion.
You visited 1 branch of the dungeon, and saw 2 of its levels.

You collected 38 gold pieces.

Inventory:

Hand Weapons
 a - a +0 hand axe (weapon) {Yawen}
 b - a +0 hand axe {Rabni}
 c - a +0 dagger {Eitaro}
 d - a +0 sling
 m - a +0 spear (offhand) {Therese}
Missiles
 e - 15 stones (quivered)
Armour
 g - a +0 cloak (worn)
 j - a +0 animal skin (worn)
Scrolls
 f - 2 scrolls of identify {unknown}
 h - a scroll of immolation {unknown}
 l - a scroll of poison {unknown}
Potions
 i - a potion of enlightenment {unknown}
 k - 2 potions of lignification {unknown}


   Skills:
 - Level 3.0 Fighting
 + Level 4.0 Axes
 - Level 1.7 Armour
 - Level 1.7 Dodging


You had one spell level left.
You didn't know any spells.
Your spell library was empty.

Dungeon Overview and Level Annotations

Branches:
Dungeon (2/15) Zot: 10506

Altars:
Zin


Innate Abilities, Weirdness & Mutations

You can wield a second weapon in your off-hand.
It takes a long time for you to wield or remove held weapons.
Your first few attacks do less damage.
You cannot equip rings or amulets.


Message History

The hobgoblin shouts!
You hit the hobgoblin with your +0 spear.
The hobgoblin is heavily wounded.
You hit the hobgoblin with your +0 hand axe.
You kill the hobgoblin!
Trog accepts your kill.
Your Axes skill increases to level 4!
You barely miss the goblin with your +0 hand axe.
You hit the goblin with your +0 spear. The goblin hits you with a +0 dagger.
The goblin hits you but does no damage.
You barely miss the goblin with your +0 hand axe.
The goblin is moderately wounded.
You hit the goblin with your +0 spear.
You kill the goblin!
Trog accepts your kill.
There is an open door here.
Things that are here:
a +0 dagger; a goblin corpse
There is an open door here.
Things that are here:
a +0 dagger; a goblin corpse You open the door.
Done exploring.
Search for what [? for help]? @ego||artefact||jewel||troll||scales||shield||talisman||manual||trap
Things that are here:
a +0 short sword; a kobold skeleton; a ball python skeleton
There is a stone staircase leading down here.
You climb downwards.
The gnoll shouts! x2
Found 12 gold pieces and a scroll labelled ZOSTOS JUJAUSAL.
Found a glowing silver altar of Zin.
There is a stone staircase leading up here.
There are monsters nearby!
You climb upwards.
There is a stone staircase leading down here.
You hit the gnoll but do no damage. You hit the gnoll with your +0 spear.
The gnoll hits you with a +0 flail!
You are too injured to fight recklessly!
You are too injured to fight recklessly!
You are too injured to fight recklessly!
You hit the gnoll with your +0 spear.
The gnoll is moderately wounded.
You closely miss the gnoll with your +0 hand axe.
The gnoll hits you with a +0 flail!
* * * LOW HITPOINT WARNING * * *
Use which ability? (? or * to list)
A red film seems to cover your vision as you go berserk!
You feel yourself moving faster!
You feel mighty! The gnoll hits you with a +0 flail!
You die...

###..##
#.#..###........
##..###
#.#..##..#######
#....###
#.#........#....
#.##...##
#.#.###.##.####.
#.####..#
#.#............. #.#
##.## #.#####.##.#####
#.#
#..####.####..##.#....
#.#
##..#g..)....###.#.###
######.# ##..@#.######
#.#.... .....#.#
###.#.# #.#####
.###.#.# #.#.# #......
.# #.#.# #.#.# #......
.# #.#.# ######.#.#
#...### .#
#.#.####......#.#
#.รท.# ##
#.#....#.######.#
#...### #.####.#.# #.#
#...... #.# #.#.# #.#
#..####


You could see a gnoll.

Vanquished Creatures
  A ball python (D:1)
  An endoplasm (D:1)
  2 goblins (D:1)
  4 hobgoblins (D:1)
  4 frilled lizards (D:1)
  4 kobolds (D:1)
  6 rats (D:1)
22 creatures vanquished.

Notes
Turn   | Place    | Note
-------+----------+-------------------------------------------
     0 | D:1      | Ge0ff the Coglin Berserker began the quest for the Orb.
     0 | D:1      | Reached XP level 1. HP: 18/18 MP: 1/1
   262 | D:1      | Reached XP level 2. HP: 24/24 MP: 2/2
  1405 | D:1      | Reached skill level 4 in Axes
  1484 | D:2      | Found a glowing silver altar of Zin.
  1489 | D:1      | Slain by a gnoll

Illustrated notes

Levels and vault maps discovered:
D:1:      saegor_arrival_simple_d, layout_basic
D:2:      layout_basic, dreamdust_ecumenical_altar_statues, serial_shops,
          nicolae_shop_bloodbath_and_beyond, basic_altar,
          kennysheep_flooded_box, kennysheep_cross_room, grunt_ministairs_11,
          uniq_natasha, uniq_robin

Skill      XL: |  1  2 |
---------------+-------+-----
Axes           | 4 |  4.0
Fighting       | |  3.0
Armour         | |  1.7
Dodging        | |  1.7

Action                     || total
---------------------------++-------
  Melee: Hand axe          ||    50
         Dagger            ||    28
         Spear             ||     5
 Invoke: Berserk           ||     1
 Armour: Animal skin       ||    22
  Dodge: Dodged            ||    18

Table legend: (Time is in decaauts)
 A = Elapsed time spent in this place.
 B = Non-inter-level travel time spent in this place.
 C = Inter-level travel time spent in this place.
 D = Time resting spent in this place.
 E = Time spent auto-exploring this place.
 F = Levels seen in this place.
 G = Mean time per level.
                   A        B        C        D        E       F      G
               +--------+--------+--------+--------+--------+-----+--------+
         Total |   1492 |   1393 |     99 |      0 |   1152 |   2 |  746.0 |
       Dungeon |   1492 |   1393 |     99 |      0 |   1152 |   2 |  746.0 |
               +--------+--------+--------+--------+--------+-----+--------+

Top non-repeatable levels by time:
     D:1: 1490 daAuts
     D:2: 1 daAuts
